 Dungeon Crawl Stone Soup version 0.30-a0-722-g3e6e8c874d (webtiles) character file.

Game seed: 5993821402701786824

982 Newt the Chucker (level 7, -7/48 HPs)
             Began as a Demonspawn Gladiator on Jan 27, 2023.
             Was a Follower of Hepliaklqana.
             Mangled by a gnoll
             ... wielding a +0 halberd
             ... led by a gnoll bouda
              (10 damage)
             ... on level 6 of the Dungeon.
             The game lasted 00:06:14 (4686 turns).

Newt the Chucker (Demonspawn Gladiator)             Turns: 4686, Time: 00:06:15

Health: -7/48      AC:  8    Str: 16    XL:     7   Next: 96%
Magic:  7/8        EV:  8    Int:  9    God:    Hepliaklqana [*.....]
Gold:   189        SH: 11    Dex: 15    Spells: 7/8 levels left

rFire   + . .      SeeInvis .    j - +2 dagger (freeze)
rCold   . . .      Faith    +    x - +0 tower shield
rNeg    . . .      Spirit   .    b - +0 leather armour
rPois   .          Reflect  .    (helmet restricted)
rElec   .          Harm     .    (no cloak)
rCorr   +          Rampage  +    (no gloves)
Will    +....                    z - +2 pair of boots
Stlth   ++                       t - amulet "Xarph" {Faith Rampage rF+ Will+ rCorr}
HPRegen 0.28/turn                (no ring)
MPRegen 0.11/turn                (no ring)

@: very slightly contaminated
A: reduced essence, horns 2, yellow scales 1, powered by death 1, demonic magic
1
a: Renounce Religion, Recall Ancestor, Ancestor Identity


You were on level 6 of the Dungeon.
You worshipped Hepliaklqana.
Hepliaklqana was aware of your devotion.
You visited 2 branches of the dungeon, and saw 7 of its levels.

You collected 189 gold pieces.

Inventory:

Hand Weapons
 a - a +0 rapier
 g - a +0 heavy mace
 j - a +2 dagger of freezing (weapon)
 k - a +1 dagger of speed
 D - a +1 whip of venom
Missiles
 d - a throwing net
 e - 2 javelins
 p - 5 boomerangs (quivered)
 y - 9 poisoned darts
Armour
 b - a +0 leather armour (worn)
 c - a +0 helmet
 x - a +0 tower shield (worn)
 z - a +2 pair of boots (worn)
Jewellery
 t - the amulet "Xarph" (around neck) {Faith Rampage rF+ Will+ rCorr}
   (You acquired it on level 3 of the Dungeon)

   [amulet of faith]

   It allows you to gain divine favour quickly.
   rF:        It protects you from fire.
   rCorr:     It protects you from acid and corrosion.
   Rampage:   It bestows one free step when moving towards enemies.
   Will:      It increases your willpower.
Wands
 f - a wand of flame (11)
Scrolls
 u - a scroll of enchant armour {unknown}
 w - a scroll of fog {unknown}
 A - a scroll of amnesia
 C - 2 scrolls of blinking {unknown}
 E - a scroll of poison {unknown}
Potions
 h - 4 potions of curing
 i - a potion of resistance
 l - 2 potions of lignification
 m - a potion of haste {unknown}
 n - 3 potions of brilliance
 o - 2 potions of might
 q - 3 potions of flight
 r - 4 potions of degeneration
 s - a potion of attraction
 v - a potion of mutation {unknown}
 B - a potion of heal wounds


   Skills:
 - Level 4.0 Fighting
 - Level 2.6 Short Blades
 - Level 5.0 Throwing
 - Level 4.0 Dodging
 - Level 2.0 Stealth
 + Level 1.0 Spellcasting
 - Level 5.0 Summonings


You had 7 spell levels left.
You knew the following spells:

 Your Spells              Type           Power      Damage    Failure   Level
a - Summon Small Mammal   Summ           36%        N/A       71%         1

Your spell library contained the following spells:

 Spells                   Type           Power      Damage    Failure   Level
 Apportation              Tloc           0%         N/A       100%        1
 Necrotise                Necr           0%         1d4       100%        1
 Sandblast                Erth           0%         2d4       100%        1
 Passwall                 Tmut/Erth      0%         N/A       100%        2
 Stone Arrow              Conj/Erth      0%         3d7       100%        3


Dungeon Overview and Level Annotations

Branches:
Dungeon (6/15)             Temple (1/1) D:4

Altars:
Ashenzari
Cheibriados
Dithmenos
Fedhas
Gozag
Hepliaklqana
Kikubaaqudgha
Makhleb
Nemelex Xobeh
Ru
Trog
Uskayaw
Vehumet
Wu Jian
Yredelemnul

Shops:
D:3 [

Annotations:
D:5 2 transporters, Irreverend's ghost, amateur DENe


Innate Abilities, Weirdness & Mutations

Your life essence is reduced to manifest your ancestor. (-10% HP)
You have a pair of horns on your head.
You are partially covered in yellow scales. (AC +2)
You regenerate a little health from kills.
Spells you cast may paralyse adjacent enemies.


Message History

You barely miss the gnoll. You block the gnoll's attack. x2
You closely miss the gnoll.
Njabulo barely misses the gnoll.
You block the gnoll's attack. The gnoll closely misses you.
You hit the gnoll. You freeze the gnoll.
The gnoll is moderately wounded.
Njabulo closely misses the gnoll.
The gnoll hits you with a +1 whip of freezing!
The gnoll freezes you.
The gnoll hits you from afar with a +0 halberd!
The gnoll closely misses you.
A gnoll bouda comes into view. It is wielding a +0 whip.
The gnoll hits you from afar with a +0 halberd.
The gnoll hits you with a +1 whip of freezing.
The gnoll freezes you.
Njabulo barely misses the gnoll.
Throw: 5 boomerangs
Press: ? - help, Q - select action, (/) - cycle Shift-Dir - straight line, f - gnoll
Aim: a gnoll, wielding a +1 whip of freezing (moderately wounded, ally target, 66% to hit)
You throw a boomerang. The boomerang hits the gnoll!
The gnoll is almost dead.
Njabulo barely misses the gnoll.
The gnoll hits you with a +1 whip of freezing.
The gnoll freezes you. The gnoll hits you but does no damage.
The gnoll hits you from afar with a +0 halberd!
* * * LOW HITPOINT WARNING * * *
The gnoll bouda barks out a call to the hunt!
The gnolls pick up the pace!
You hear an angry hiss.
Casting: Summon Small Mammal (safe; 71% risk of failure)
Confirm with . or Enter, or press ? or * to list all spells.
You miscast Summon Small Mammal.
You are very lightly contaminated with residual magic.
Nothing appears to happen.
Njabulo closely misses the gnoll.
The gnoll hits you with a +1 whip of freezing.
* * * LOW HITPOINT WARNING * * *
The gnoll freezes you.
* * * LOW HITPOINT WARNING * * *
The gnoll hits you from afar with a +0 halberd.
* * * LOW HITPOINT WARNING * * *
The gnoll hits you from afar with a +0 halberd!
You die...

.........# ........#
...$...+ g.....#
.....######
#gg........
#.g........
#.@R.......
#..........
####.>?..#########+#
#..#.....#.........#
#..#.....+.........#
#..#.....#.........'
#..'.....#.........#
#..#.....#.........#
####.....######....#


You could see the friendly Njabulo the ancestor, a gnoll bouda and 3 gnolls.

Vanquished Creatures
  An ogre (D:4)
  A bullfrog (D:4)
  A necrophage (D:5)
  3 scorpions (D:5)
  2 hounds (D:4)
  A jelly (D:4)
  An iguana (D:5)
  3 orc wizards
  12 gnolls
  4 adders
  2 ufetubi (D:5)
  2 worms (D:3)
  2 dart slugs
  9 orcs
  6 endoplasms
  3 giant cockroaches
  9 goblins
  5 hobgoblins
  9 jackals
  3 quokkas
  7 ball pythons
  4 bats
  6 frilled lizards
  6 kobolds
  8 rats
110 creatures vanquished.

Vanquished Creatures (collateral kills)
  An ogre (D:6)
  A scorpion (D:6)
2 creatures vanquished.

Vanquished Creatures (others)
  An ancestor (D:5)
  6 plants (D:5)
7 creatures vanquished.

Grand Total: 119 creatures vanquished

Notes
Turn   | Place    | Note
-------+----------+-------------------------------------------
     0 | D:1      | Newt the Demonspawn Gladiator began the quest for the Orb.
     0 | D:1      | Reached XP level 1. HP: 16/16 MP: 1/1
   132 | D:1      | Reached skill level 1 in Stealth
   366 | D:1      | Gained mutation: You are partially covered in yellow
                  | scales. (AC +2) [demonic ancestry]
   366 | D:1      | Reached XP level 2. HP: 22/22 MP: 2/2
  1236 | D:2      | Gained mutation: You have a pair of small horns on your
                  | head. [demonic ancestry]
  1236 | D:2      | Reached XP level 3. HP: 26/28 MP: 3/3
  1768 | D:3      | Gained mutation: You regenerate a little health from kills.
                  | [demonic ancestry]
  1768 | D:3      | Reached XP level 4. HP: 20/37 MP: 4/4
  1987 | D:3      | Gained mutation: Spells you cast may paralyse adjacent
                  | enemies. [demonic ancestry]
  1987 | D:3      | Reached XP level 5. HP: 27/42 MP: 5/5
  2168 | D:3      | Identified a scroll of acquirement
  2168 | D:3      | Acquired the amulet "Xarph" {Faith Rampage rF+ Will+ rCorr}
  2584 | D:3      | Found Coynohuf's Antique Armour Shoppe.
  2676 | D:3      | Found a faded altar of an unknown god.
  3340 | D:4      | Reached XP level 6. HP: 48/48 MP: 6/6
  3415 | D:4      | Found a staircase to the Ecumenical Temple.
  3428 | Temple   | Entered the Ecumenical Temple
  3609 | Temple   | Became a worshipper of Hepliaklqana the Forgotten
  3628 | D:4      | Learned a level 1 spell: Summon Small Mammal
  3907 | D:5      | Entered Level 5 of the Dungeon
  3907 | D:5      | Identified the +10 scale mail of Contumacious Liberty {Harm
                  | rC- Will++}
  3918 | D:5      | Reached skill level 5 in Throwing
  3918 | D:5      | Gained mutation: You have a pair of horns on your head.
                  | [demonic ancestry]
  3918 | D:5      | Reached XP level 7. HP: 28/54 MP: 7/7
  4080 | D:5      | Reached skill level 1 in Summonings
  4196 | D:5      | Found a transporter.
  4223 | D:5      | Noticed Irreverend's ghost (amateur DENe)
  4302 | D:5      | Found a transporter.
  4330 | D:5      | Reached * piety under Hepliaklqana
  4605 | D:6      | Reached skill level 5 in Summonings
  4605 | D:6      | Reached skill level 1 in Spellcasting
  4686 | D:6      | Mangled by a gnoll

Illustrated notes

Levels and vault maps discovered:
D:1:      psy_arrival_basics, layout_basic
D:2:      layout_basic, minmay_pentomino_o2
D:3:      minmay_octagon_keep, layout_loops_ring, serial_shops,
          nicolae_shop_stone, hellmonk_ecumenical_altar_heavens_door
D:4:      minmay_evil_eye, layout_basic, minmay_temple_entry_drinking_statues
D:5:      layout_rooms, gammafunk_ghost_gnarly_gnolls
D:6:      layout_gridville, minmay_misc_feat_nine_boxes, serial_park_tiny_1,
          dreamdust_wishing_well, minmay_starry_boxes
Temple:   nicolae_temple_slightly_damp_pantheon

Skill      XL: |  1  2  3  4  5  6  7 |
---------------+----------------------+-----
Stealth        | 1 2 |  2.0
Fighting       | 3 4 |  4.0
Dodging        | 3 4 |  4.0
Throwing       | 3 5 |  5.0
Summonings     | 5 |  5.0
Spellcasting   | 1 |  1.0
Short Blades   | |  2.6

Action                     |  1- 3 |  4- 6 |  7- 9 || total
---------------------------+-------+-------+-------++-------
  Melee: Rapier            |    34 |       |       ||    34
         Punch             |     2 |       |       ||     2
         Dagger            |    74 |   161 |    73 ||   308
         Headbutt          |    10 |    31 |    19 ||    60
  Throw: Javelin           |     2 |     3 |       ||     5
         Throwing net      |     1 |     2 |       ||     3
         Boomerang         |       |       |    15 ||    15
    Use: Scroll            |     3 |     2 |     2 ||     7
         Potion            |     2 |     2 |     3 ||     7
   Stab: Sleeping          |     4 |     2 |     2 ||     8
         Held in net/web   |     1 |     1 |       ||     2
 Armour: Leather armour    |    28 |    50 |    30 ||   108
  Dodge: Dodged            |    42 |    99 |    21 ||   162
  Block: Tower shield      |       |    30 |    40 ||    70

Table legend: (Time is in decaauts)
 A = Elapsed time spent in this place.
 B = Non-inter-level travel time spent in this place.
 C = Inter-level travel time spent in this place.
 D = Time resting spent in this place.
 E = Time spent auto-exploring this place.
 F = Levels seen in this place.
 G = Mean time per level.
                   A        B        C        D        E       F      G
               +--------+--------+--------+--------+--------+-----+--------+
         Total |   4702 |   4522 |    180 |    582 |   3112 |   7 |  671.7 |
       Dungeon |   4511 |   4359 |    152 |    582 |   2965 |   6 |  751.8 |
        Temple |    191 |    164 |     27 |      0 |    147 |   1 |  191.0 |
               +--------+--------+--------+--------+--------+-----+--------+

Top non-repeatable levels by time:
     D:3: 1238 daAuts
     D:1: 1074 daAuts
     D:4: 791 daAuts
     D:5: 715 daAuts
     D:2: 595 daAuts
  Temple: 191 daAuts
     D:6: 96 daAuts
